 Dungeon Crawl Stone Soup version 0.31-a0-845-g9abc20d24f (webtiles) character file.

Game seed: 6226953106686371441

210 BinkBink the Shooter (level 5, -5/32 HPs)
             Began as a Deep Elf Hunter on Oct 1, 2023.
             Slain by Grinder (7 damage)
             ... on level 4 of the Dungeon.
             The game lasted 00:04:44 (2693 turns).

BinkBink the Shooter (Deep Elf Hunter)              Turns: 2693, Time: 00:04:45

Health: -5/32      AC:  7    Str: 14    XL:     5   Next: 57%
Magic:  7/7        EV: 12    Int: 14    God:
Gold:   211        SH:  0    Dex: 20    Spells: 4/4 levels left

rFire   . . .        a - +0 shortbow
rCold   . . .        (shield currently unavailable)
rNeg    . . .        c - +0 leather armour
rPois   .            (helmet currently unavailable)
rElec   .            (cloak currently unavailable)
rCorr   .            g - melded +1 pair of gloves
SInv    .            (boots currently unavailable)
Will    .....        d - amulet of regeneration
Stlth   ++           p - +6 ring of strength
HPRegen 1.05/turn    r - +4 ring of protection
MPRegen 0.10/turn

%: no passive effects
@: brilliant, beast-form
A: beast (slay +0)
a: Begin Untransformation


You were on level 4 of the Dungeon.
You were a hulking beast.
You visited 1 branch of the dungeon, and saw 4 of its levels.

You collected 211 gold pieces.

Inventory:

Hand Weapons
 a - a +0 shortbow (weapon)
Armour
 c - a +0 leather armour (worn)
 g - a +1 pair of gloves (melded)
Jewellery
 d - an amulet of regeneration (around neck)
 p - a +6 ring of strength (left hand)
 q - a ring of ice
 r - a +4 ring of protection (right hand)
Talismans
 m - a beast talisman (active)
Scrolls
 b - 2 scrolls of butterflies
 e - 3 scrolls of identify {unknown}
 f - 5 scrolls of teleportation {unknown}
 h - a scroll of fear {unknown}
 i - a scroll of immolation {unknown}
 l - a scroll of acquirement {unknown}
 n - a scroll of silence {unknown}
 o - a scroll of vulnerability {unknown}


   Skills:
 + Level 2.9 Fighting
 * Level 7.7 Ranged Weapons
 - Level 2.4 Dodging
 - Level 1.2 Stealth
 + Level 1.5 Shapeshifting


You had 4 spell levels left.
You didn't know any spells.
Your spell library was empty.

Dungeon Overview and Level Annotations

Branches:
Dungeon (4/15)
 Temple: D:4-7

Altars:
Kikubaaqudgha

Annotations:
D:4 Grinder


Message History

Press: ? - help, Shift-Dir - straight line, f/p - Grinder
Aim: Grinder (moderately wounded, 63% to hit)
You shoot an arrow. The arrow barely misses Grinder.
Fire: a) +0 shortbow
Press: ? - help, Shift-Dir - straight line, f/p - Grinder
Aim: Grinder (moderately wounded, 64% to hit)
You shoot an arrow.
The arrow hits Grinder but does no damage.
Grinder is moderately wounded.
Grinder hits you but does no damage.
Fire: a) +0 shortbow
Press: ? - help, Shift-Dir - straight line, f/p - Grinder
Aim: Grinder (moderately wounded, 64% to hit)
You shoot an arrow. The arrow closely misses Grinder.
Grinder hits you.
* * * LOW HITPOINT WARNING * * *
You writhe in agony.
* * * LOW HITPOINT WARNING * * *
Fire: a) +0 shortbow
Press: ? - help, Shift-Dir - straight line, f/p - Grinder
Aim: Grinder (moderately wounded, 64% to hit)
You shoot an arrow. The arrow closely misses Grinder.
Grinder gestures at you. You resist with significant effort.
Fire: a) +0 shortbow
Press: ? - help, Shift-Dir - straight line, f/p - Grinder
Aim: Grinder (moderately wounded, 63% to hit)
You shoot an arrow. The arrow hits Grinder!
Grinder is severely wounded.
Grinder hits you!
* * * LOW HITPOINT WARNING * * *
You writhe in agony.
* * * LOW HITPOINT WARNING * * *
Fire: a) +0 shortbow
Press: ? - help, Shift-Dir - straight line, f/p - Grinder
Aim: Grinder (severely wounded, 63% to hit)
You shoot an arrow. The arrow hits Grinder!
Grinder is almost dead.
Grinder hits you!
You die...
Grinder says, "Now the real fun starts!"

#.# #.# ##.#######
.......... ###
...####### ..#
################.#
#.............##.#
#.###########.##5#
#.# ..........h#
#.####.######.####
#....# ...# .....#
###.# ####.# #.#
#.# #.# ### ###


You could see Grinder.

Vanquished Creatures
  A jelly (D:4)
  Jessica (D:3)
  2 iguanas (D:4)
  2 adders
  A worm (D:2)
  5 dart slugs
  2 orcs (D:3)
  3 ball pythons
  6 endoplasms
  A giant cockroach (D:4)
  5 goblins
  6 hobgoblins
  8 jackals
  7 kobolds
  3 quokkas
  10 bats
  4 frilled lizards
  4 rats
71 creatures vanquished.

Notes
Turn   | Place    | Note
-------+----------+-------------------------------------------
     0 | D:1      | BinkBink the Deep Elf Hunter began the quest for the Orb.
     0 | D:1      | Reached XP level 1. HP: 12/12 MP: 3/3
   115 | D:1      | Reached XP level 2. HP: 17/17 MP: 4/4
   182 | D:1      | Reached skill level 6 in Ranged Weapons
   332 | D:1      | Reached XP level 3. HP: 21/21 MP: 5/5
  1583 | D:3      | Reached XP level 4. HP: 27/27 MP: 6/6
  1750 | D:3      | Found an ancient bone altar of Kikubaaqudgha.
  1861 | D:3      | Noticed Jessica
  1868 | D:3      | Killed Jessica
  1869 | D:3      | Reached skill level 7 in Ranged Weapons
  2180 | D:4      | Reached skill level 1 in Shapeshifting
  2211 | D:4      | Reached XP level 5. HP: 31/31 MP: 7/7
  2665 | D:4      | Noticed Grinder
  2665 | D:4      | Paralysed by Grinder for 4 turns
  2671 | D:4      | Paralysed by Grinder for 4 turns
  2692 | D:4      | HP: 1/32 [Grinder (1)]
  2693 | D:4      | Slain by Grinder

Illustrated notes

Levels and vault maps discovered:
D:1:      dpeg_arrival_rooms_c, layout_loops_ring,
          chequers_serial_rivers_room_b, nicolae_the_louvre
D:2:      layout_basic, minmay_circled_x
D:3:      layout_basic, marbit_many_paths, minivault_24, minmay_starry_boxes,
          uniq_jessica
D:4:      layout_basic, general_overflow_altar, uniq_grinder

Skill      XL: |  1  2  3  4 |
---------------+-------------+-----
Fighting       | 2 |  2.9
Ranged Weapons | 6 7 |  7.7
Shapeshifting  | 1 |  1.5
Dodging        | |  2.4
Stealth        | |  1.2

Action                     |  1- 3 |  4- 6 || total
---------------------------+-------+-------++-------
   Fire: Shortbow          |   124 |    93 ||   217
    Use: Potion            |       |     2 ||     2
 Armour: Leather armour    |    27 |    18 ||    45
  Dodge: Dodged            |    27 |    19 ||    46
   Form: Beast             |       |     1 ||     1

Table legend: (Time is in decaauts)
 A = Elapsed time spent in this place.
 B = Non-inter-level travel time spent in this place.
 C = Inter-level travel time spent in this place.
 D = Time resting spent in this place.
 E = Time spent auto-exploring this place.
 F = Levels seen in this place.
 G = Mean time per level.
                   A        B        C        D        E       F      G
               +--------+--------+--------+--------+--------+-----+--------+
         Total |   2717 |   2520 |    197 |      0 |   2134 |   4 |  679.2 |
       Dungeon |   2717 |   2520 |    197 |      0 |   2134 |   4 |  679.2 |
               +--------+--------+--------+--------+--------+-----+--------+

Top non-repeatable levels by time:
     D:2: 828 daAuts
     D:1: 689 daAuts
     D:3: 676 daAuts
     D:4: 522 daAuts
